TOP OF THE 1ST |
Boston Red Sox batting - Pitching for Toronto Blue Jays : RHP Timo Lantinga
|
Pitching: RHP Timo Lantinga
|
|
Batting: SHB Robbie Rogers
|
0-0: Called Strike 0-1: Foul Ball, location: 2F 0-2: Fly out, F8 (Line Drive, 8RD, EV 95.6 MPH)
|
Batting: LHB Xavier Pittman
|
0-0: Ball 1-0: Ball 2-0: Ground out U3 (Groundball, 3, EV 85.0 MPH)
|
Batting: SHB Rich Chavez
|
0-0: Ball 1-0: Ball 2-0: Swinging Strike 2-1: Ball 3-1: Base on Balls
|
Batting: LHB Ernesto Cedillos
|
0-0: Foul Ball, location: 2F 0-1: SINGLE (Line Drive, 34D, EV 95.0 MPH) Rich Chavez to second
|
Batting: LHB Kevin McCormic Jr.
|
0-0: Ball 1-0: Foul Ball, location: 2F 1-1: Fielders Choice at 2nd, 5-4 (Groundball, 5, EV 77.5 MPH)
|
Top of the 1st over - 0 runs, 1 hit, 0 errors, 2 left on base; Boston 0 - Toronto 0 |
BOTTOM OF THE 1ST |
Toronto Blue Jays batting - Pitching for Boston Red Sox : RHP Karel Heuvelink
|
Pitching: RHP Karel Heuvelink
|
|
Batting: LHB Jon Schick
|
0-0: Ball 1-0: Called Strike 1-1: Ball 2-1: Ball 3-1: Ground out 4-3 (Groundball, 4D, EV 105.6 MPH)
|
Batting: RHB Shigem Kubo
|
0-0: Ball 1-0: Called Strike 1-1: SOLO HOME RUN (Flyball, 9D, EV 98.1 MPH), Distance : 372 ft
|
Batting: RHB Ruben Velasco
|
0-0: Swinging Strike 0-1: Foul Ball, location: 2F 0-2: Foul Ball, location: 2F 0-2: Ball 1-2: Ball 2-2: Foul Ball, location: 2F 2-2: Foul Ball, location: 2F 2-2: Ground out 1-3 (Groundball, 34S, EV 67.5 MPH)
|
Batting: RHB Kirk Arp
|
0-0: Swinging Strike 0-1: Ball 1-1: Ball 2-1: Swinging Strike 2-2: Strikes out looking
|
Bottom of the 1st over - 1 run, 1 hit, 0 errors, 0 left on base; Boston 0 - Toronto 1 |
TOP OF THE 2ND |
Boston Red Sox batting - Pitching for Toronto Blue Jays : RHP Timo Lantinga
|
Batting: RHB Manny Vergara
|
0-0: Ball 1-0: Called Strike 1-1: Called Strike 1-2: Foul Ball, location: 2F 1-2: Ball 2-2: Strikes out swinging
|
Batting: LHB Brian Gray
|
0-0: Fly out, F9 (Flyball, 9S, EV 76.2 MPH)
|
Batting: RHB Nick Esteves
|
0-0: Foul Ball, location: 2F 0-1: Ball 1-1: Ground out 5-3 (Groundball, 56, EV 100.0 MPH)
|
Top of the 2nd over - 0 runs, 0 hits, 0 errors, 0 left on base; Boston 0 - Toronto 1 |
BOTTOM OF THE 2ND |
Toronto Blue Jays batting - Pitching for Boston Red Sox : RHP Karel Heuvelink
|
Batting: LHB Gabe White
|
0-0: Ball 1-0: Swinging Strike 1-1: Ball 2-1: Foul Ball, location: 2F 2-2: Ball 3-2: Strikes out swinging
|
Batting: RHB Adam Burke
|
0-0: Ground out 4-3 (Groundball, 4S, EV 77.5 MPH)
|
Batting: LHB Isto Mäyrä
|
0-0: Called Strike 0-1: Ball 1-1: Ground out 4-3 (Groundball, 34, EV 86.9 MPH)
|
Bottom of the 2nd over - 0 runs, 0 hits, 0 errors, 0 left on base; Boston 0 - Toronto 1 |
TOP OF THE 3RD |
Boston Red Sox batting - Pitching for Toronto Blue Jays : RHP Timo Lantinga
|
Batting: SHB Brace Harper
|
0-0: Called Strike 0-1: Ball 1-1: Ground out 4-3 (Groundball, 4S, EV 84.4 MPH)
|
Batting: SHB Robbie Rogers
|
0-0: Ball 1-0: Swinging Strike 1-1: Called Strike 1-2: Ball 2-2: Ground out 5-3 (Groundball, 5, EV 82.5 MPH)
|
Batting: LHB Xavier Pittman
|
0-0: Called Strike 0-1: Ball 1-1: Ball 2-1: Called Strike 2-2: Fly out, F4 (Flyball, 4D, EV 80.0 MPH)
|
Top of the 3rd over - 0 runs, 0 hits, 0 errors, 0 left on base; Boston 0 - Toronto 1 |
BOTTOM OF THE 3RD |
Toronto Blue Jays batting - Pitching for Boston Red Sox : RHP Karel Heuvelink
|
Batting: RHB Tommy Mize
|
0-0: Ball 1-0: Ground out 2-3 (Groundball, 2L, EV 76.2 MPH)
|
Batting: SHB Dylan Novakowski
|
0-0: Ball 1-0: Ground out 4-3 (Groundball, 4S, EV 87.5 MPH)
|
Batting: LHB Jon Schick
|
0-0: Called Strike 0-1: Ground out U3 (Groundball, 34S, EV 88.8 MPH)
|
Bottom of the 3rd over - 0 runs, 0 hits, 0 errors, 0 left on base; Boston 0 - Toronto 1 |
TOP OF THE 4TH |
Boston Red Sox batting - Pitching for Toronto Blue Jays : RHP Timo Lantinga
|
Batting: SHB Rich Chavez
|
0-0: Called Strike 0-1: Foul Ball, location: 2F 0-2: Strikes out looking
|
Batting: LHB Ernesto Cedillos
|
0-0: SOLO HOME RUN (Flyball, 8RXD, EV 105.0 MPH), Distance : 427 ft
|
Batting: LHB Kevin McCormic Jr.
|
0-0: Foul Ball, location: 2F 0-1: Called Strike 0-2: Strikes out looking
|
Batting: RHB Manny Vergara
|
0-0: SOLO HOME RUN (Flyball, 7D, EV 97.5 MPH), Distance : 379 ft
|
Batting: LHB Brian Gray
|
0-0: Called Strike 0-1: Ball 1-1: Ball 2-1: Fly out, F8 (Line Drive, 8RD, EV 90.6 MPH)
|
Top of the 4th over - 2 runs, 2 hits, 0 errors, 0 left on base; Boston 2 - Toronto 1 |
BOTTOM OF THE 4TH |
Toronto Blue Jays batting - Pitching for Boston Red Sox : RHP Karel Heuvelink
|
Batting: RHB Shigem Kubo
|
0-0: Called Strike 0-1: Ball 1-1: Called Strike 1-2: Foul Ball, location: 2F 1-2: Ball 2-2: Ground out 6-3 (Groundball, 6, EV 107.5 MPH)
|
Batting: RHB Ruben Velasco
|
0-0: Foul Ball, location: 2F 0-1: Ball 1-1: Called Strike 1-2: Ball 2-2: Foul Ball, location: 2F 2-2: Ball 3-2: SOLO HOME RUN (Flyball, 9D, EV 95.0 MPH), Distance : 379 ft
|
Batting: RHB Kirk Arp
|
0-0: Fly out, F9 (Flyball, 89M, EV 94.4 MPH)
|
Batting: LHB Gabe White
|
0-0: Ball 1-0: Called Strike 1-1: Ball 2-1: Fly out, F8 (Line Drive, 8LM, EV 103.8 MPH)
|
Bottom of the 4th over - 1 run, 1 hit, 0 errors, 0 left on base; Boston 2 - Toronto 2 |
TOP OF THE 5TH |
Boston Red Sox batting - Pitching for Toronto Blue Jays : RHP Timo Lantinga
|
Batting: RHB Nick Esteves
|
0-0: Ball 1-0: Swinging Strike 1-1: Foul Ball, location: 2F 1-2: Strikes out looking
|
Batting: SHB Brace Harper
|
0-0: Called Strike 0-1: Ball 1-1: Called Strike 1-2: Fly out, F9 (Flyball, 9LS, EV 72.5 MPH)
|
Batting: SHB Robbie Rogers
|
0-0: Foul Ball, location: 2F 0-1: Ball 1-1: Fly out, F8 (Line Drive, 8LD, EV 91.9 MPH)
|
Top of the 5th over - 0 runs, 0 hits, 0 errors, 0 left on base; Boston 2 - Toronto 2 |
BOTTOM OF THE 5TH |
Toronto Blue Jays batting - Pitching for Boston Red Sox : RHP Karel Heuvelink
|
Batting: RHB Adam Burke
|
0-0: Called Strike 0-1: Called Strike 0-2: Ball 1-2: Ground out 4-3 (Groundball, 4, EV 93.8 MPH)
|
Batting: LHB Isto Mäyrä
|
0-0: Called Strike 0-1: Fly out, F8 (Flyball, 78D, EV 93.8 MPH)
|
Batting: RHB Tommy Mize
|
0-0: Foul Ball, location: 2F 0-1: Ball 1-1: Ball 2-1: Ball 3-1: Swinging Strike 3-2: Fly out, F5 (Flyball, 5D, EV 88.1 MPH)
|
Bottom of the 5th over - 0 runs, 0 hits, 0 errors, 0 left on base; Boston 2 - Toronto 2 |
TOP OF THE 6TH |
Boston Red Sox batting - Pitching for Toronto Blue Jays : RHP Timo Lantinga
|
Batting: LHB Xavier Pittman
|
0-0: Ball 1-0: Ball 2-0: Ball 3-0: Base on Balls
|
Batting: SHB Rich Chavez
|
0-0: Ball 1-0: Ball 2-0: Ball 3-0: Called Strike 3-1: Foul Ball, location: 2F 3-2: Base on Balls Xavier Pittman to second
|
Batting: LHB Ernesto Cedillos
|
0-0: Called Strike 0-1: SINGLE (Groundball, 4MD, EV 95.6 MPH) Xavier Pittman to third Rich Chavez to second
|
Batting: LHB Kevin McCormic Jr.
|
0-0: Grounds into fielders choice 4-2 (Groundball, 4, EV 85.6 MPH) Rich Chavez to third Ernesto Cedillos to second
|
Batting: RHB Manny Vergara
|
0-0: Called Strike 0-1: Called Strike 0-2: Strikes out swinging
|
Batting: LHB Brian Gray
|
0-0: Swinging Strike 0-1: Ball 1-1: Ball 2-1: Ball 3-1: Foul Ball, location: 2F 3-2: GRAND SLAM HOME RUN (Flyball, 9D, EV 100.0 MPH), Distance : 381 ft
|
Pitching: RHP Alec Murphy
|
|
Batting: RHB Nick Esteves
|
0-0: Ball 1-0: Ball 2-0: Ball 3-0: Called Strike 3-1: Called Strike 3-2: Strikes out looking
|
Top of the 6th over - 4 runs, 2 hits, 0 errors, 0 left on base; Boston 6 - Toronto 2 |
BOTTOM OF THE 6TH |
Toronto Blue Jays batting - Pitching for Boston Red Sox : RHP Karel Heuvelink
|
Batting: SHB Dylan Novakowski
|
0-0: Called Strike 0-1: Fly out, F4 (Popup, 34S, EV 80.0 MPH)
|
Batting: LHB Jon Schick
|
0-0: Called Strike 0-1: Foul Ball, location: 2F 0-2: Ball 1-2: Ball 2-2: Strikes out swinging
|
Batting: RHB Shigem Kubo
|
0-0: Called Strike 0-1: Foul Ball, location: 2F 0-2: Foul Ball, location: 2F 0-2: Ground out 6-3 (Groundball, 6M, EV 108.1 MPH)
|
Bottom of the 6th over - 0 runs, 0 hits, 0 errors, 0 left on base; Boston 6 - Toronto 2 |
TOP OF THE 7TH |
Boston Red Sox batting - Pitching for Toronto Blue Jays : RHP Alec Murphy
|
Batting: SHB Brace Harper
|
0-0: Fly out, F9 (Flyball, 9, EV 83.8 MPH)
|
Batting: SHB Robbie Rogers
|
0-0: Called Strike 0-1: Ground out 5-3 (Groundball, 56D, EV 90.6 MPH)
|
Batting: LHB Xavier Pittman
|
0-0: Foul Ball, location: 2F 0-1: Fly out, F7 (Flyball, 7S, EV 87.5 MPH)
|
Top of the 7th over - 0 runs, 0 hits, 0 errors, 0 left on base; Boston 6 - Toronto 2 |
BOTTOM OF THE 7TH |
Toronto Blue Jays batting - Pitching for Boston Red Sox : RHP Karel Heuvelink
|
Batting: RHB Ruben Velasco
|
0-0: Called Strike 0-1: Ground out 6-3 (Groundball, 6, EV 90.6 MPH)
|
Batting: RHB Kirk Arp
|
0-0: Called Strike 0-1: Fly out, F4 (Popup, 13S, EV 86.2 MPH)
|
Batting: LHB Gabe White
|
0-0: Fly out, F6 (Line Drive, 6, EV 73.1 MPH)
|
Bottom of the 7th over - 0 runs, 0 hits, 0 errors, 0 left on base; Boston 6 - Toronto 2 |
TOP OF THE 8TH |
Boston Red Sox batting - Pitching for Toronto Blue Jays : RHP Alec Murphy
|
Batting: SHB Rich Chavez
|
0-0: Called Strike 0-1: Ball 1-1: Fly out, F8 (Flyball, 78M, EV 91.2 MPH)
|
Batting: LHB Ernesto Cedillos
|
0-0: Swinging Strike 0-1: Ball 1-1: Swinging Strike 1-2: Strikes out looking
|
Batting: LHB Kevin McCormic Jr.
|
0-0: Foul Ball, location: 2F 0-1: Ground out 6-3 (Groundball, 6, EV 83.8 MPH)
|
Top of the 8th over - 0 runs, 0 hits, 0 errors, 0 left on base; Boston 6 - Toronto 2 |
BOTTOM OF THE 8TH |
Toronto Blue Jays batting - Pitching for Boston Red Sox : RHP Karel Heuvelink
|
Now at 1B: Chris Lane
|
|
Now in RF: Mark Rennie
|
|
Batting: RHB Adam Burke
|
0-0: Foul Ball, location: 2F 0-1: Fly out, F9 (Flyball, 9S, EV 83.8 MPH)
|
Batting: LHB Isto Mäyrä
|
0-0: Ball 1-0: Ball 2-0: Called Strike 2-1: Ground out 6-3 (Groundball, 4, EV 80.0 MPH)
|
Batting: RHB Tommy Mize
|
0-0: Ball 1-0: Ball 2-0: Foul Ball, location: 2F 2-1: Ball 3-1: Fly out, F8 (Flyball, 8LD, EV 84.4 MPH)
|
Bottom of the 8th over - 0 runs, 0 hits, 0 errors, 0 left on base; Boston 6 - Toronto 2 |
TOP OF THE 9TH |
Boston Red Sox batting - Pitching for Toronto Blue Jays : RHP Alec Murphy
|
Batting: RHB Manny Vergara
|
0-0: Called Strike 0-1: SINGLE (Line Drive, 8RS, EV 108.1 MPH)
|
Batting: LHB Brian Gray
|
0-0: Called Strike 0-1: Foul Ball, location: 2F 0-2: TRIPLE (Line Drive, 78XD, EV 106.2 MPH) Manny Vergara scores
|
Batting: RHB Nick Esteves
|
0-0: Foul Ball, location: 2F 0-1: Swinging Strike 0-2: Ball 1-2: Fly out, F7 (Flyball, 7LM, EV 90.6 MPH) Runner from 3rd tags up, SCORES, throw by LF
|
Batting: SHB Brace Harper
|
0-0: Called Strike 0-1: Called Strike 0-2: Foul Ball, location: 2F 0-2: Ball 1-2: Strikes out looking
|
Batting: SHB Robbie Rogers
|
0-0: Ball 1-0: Swinging Strike 1-1: Ball 2-1: Fly out, F7 (Line Drive, 7, EV 92.5 MPH)
|
Top of the 9th over - 2 runs, 2 hits, 0 errors, 0 left on base; Boston 8 - Toronto 2 |
BOTTOM OF THE 9TH |
Toronto Blue Jays batting - Pitching for Boston Red Sox : RHP Karel Heuvelink
|
Batting: SHB Dylan Novakowski
|
0-0: Ball 1-0: Foul Ball, location: 2F 1-1: Called Strike 1-2: DOUBLE (Groundball, 5L, EV 100.0 MPH)
|
Batting: LHB Jon Schick
|
0-0: Called Strike 0-1: Ground out 4-3 (Groundball, 4, EV 105.0 MPH) Dylan Novakowski to third
|
Pitching: RHP Max Blankenship
|
|
Pinch Hitting: LHB Jesus Romero
|
0-0: Called Strike 0-1: Called Strike 0-2: Foul Ball, location: 2F 0-2: Ball 1-2: Ground out 6-3 (Groundball, 56, EV 101.9 MPH) Dylan Novakowski scores
|
Batting: RHB Ruben Velasco
|
0-0: Ball 1-0: Called Strike 1-1: Ball 2-1: Ball 3-1: Base on Balls
|
Batting: RHB Kirk Arp
|
0-0: SINGLE (Groundball, 13S, EV 68.8 MPH) (infield hit) Ruben Velasco to second
|
Batting: LHB Gabe White
|
0-0: Called Strike 0-1: Foul Ball, location: 2F 0-2: SINGLE (Groundball, 34D, EV 95.0 MPH) Ruben Velasco to third Kirk Arp to second
|
Batting: RHB Adam Burke
|
0-0: Fly out, F5 (Line Drive, 5, EV 67.5 MPH)
|
Bottom of the 9th over - 1 run, 3 hits, 0 errors, 3 left on base; Boston 8 - Toronto 3 |
|